Map: Coda LE (Void)

Players

AgCl

  • Race: Protoss Protoss

Erik - Winner!

  • Race: Zerg Zerg

VOD

Have the link to the VOD?

Description

Time

  • Played on: April 30, 2015, 10:59 p.m.
  • Length: 7:56
Show
View Real Time Build Order
Export as new Build Order

AgCl Protoss 

Build Orders: Oracle Opening, Oracle Opening 

Get SALT Encoding   

  12  0:02  Probe  
  13  0:20  Probe  
  14  0:21  Pylon  
  14  0:39  Probe  
  15  0:51  Probe  
  15  0:55  Assimilator  
  16  0:59  Assimilator  
  16  1:02  Pylon  
  16  1:03  Probe  
  17  1:16  Probe (Chrono Boost)  
  18  1:24  Gateway  
  18  1:28  Probe (Chrono Boost)  
  19  1:34  Probe (Chrono Boost)  
  20  1:45  Probe (Chrono Boost)  
  21  1:53  Probe (Chrono Boost)  
  22  1:58  Nexus  
  22  2:02  Pylon  
  22  2:07  Probe (Chrono Boost)  
  23  2:20  Probe (Chrono Boost)  
  23  2:21  Cybernetics Core  
  24  2:31  Probe  
  25  2:40  Gateway  
  25  2:43  Pylon  
  25  2:46  Probe  
  25  2:58  Stargate  
  25  3:03  Stalker  
  27  3:06  Warp Gate (Chrono Boost)  
  27  3:08  Mothership Core (Chrono Boost)  
  29  3:19  Probe (Chrono Boost)  
  31  3:28  Probe (Chrono Boost)  
  31  3:31  Probe (Chrono Boost)  
  33  3:34  Probe (Chrono Boost)  
  33  3:40  Probe (Chrono Boost)  
  33  3:41  Oracle  
  37  3:46  Probe (Chrono Boost)  
  38  3:52  Probe (Chrono Boost)  
  38  3:55  Probe (Chrono Boost)  
  40  3:58  Probe (Chrono Boost)  
  41  4:03  Probe  
  42  4:13  Fleet Beacon  
  42  4:15  Probe (Chrono Boost), Pylon  
  44  4:21  Probe (Chrono Boost)  
  44  4:30  Probe x2 (Chrono Boost)  
  46  4:31  Pylon  
  46  4:34  Assimilator  
  46  4:37  Assimilator  
  47  4:39  Probe (Chrono Boost)  
  47  4:45  Probe  
  48  4:46  Void Ray (Chrono Boost)  
  48  4:51  Probe  
  53  4:53  Protoss Air Weapons Level 1  
  53  4:59  Graviton Catapult  
  53  5:02  Probe  
  53  5:06  Probe, Pylon  
  55  5:11  Carrier (Chrono Boost)  
  54  5:27  Probe  
  53  5:31  Pylon  
  59  5:36  Probe  
  59  5:47  Probe  
  59  5:52  Zealot x2  
  63  5:58  Probe  
  63  6:00  Probe  
  63  6:03  Pylon  
  65  6:06  Forge, Stargate  
  65  6:17  Carrier (Chrono Boost)  
  65  6:19  Zealot x2  
  72  6:36  Pylon  
  72  6:40  Stargate, Carrier (Chrono Boost)  
  72  6:42  Photon Cannon  
  72  6:43  Twilight Council  
  70  6:47  Pylon  
  68  6:54  Probe  
  68  6:59  Probe  
  75  7:18  Zealot x2  
  75  7:27  Probe  
  65  7:50  Assimilator  
Show
View Real Time Build Order
Export as new Build Order

Erik Zerg - Winner!

Build Orders: Hatch First 

Get SALT Encoding   

  12  0:02  Drone  
  13  0:13  Drone  
  14  0:20  Overlord  
  14  0:27  Extractor  
  14  0:28  Drone  
  15  0:38  Drone x2  
  17  0:54  Hatchery  
  16  0:59  Drone  
  17  1:14  Drone, Spawning Pool  
  17  1:18  Drone  
  17  1:24  Overlord  
  18  1:29  Extractor  
  18  1:30  Drone  
  18  1:40  Drone  
  20  1:54  Drone  
  20  2:01  Queen  
  22  2:02  Zergling x2  
  22  2:06  Drone, Queen  
  26  2:13  Drone  
  27  2:17  Drone  
  28  2:26  Drone  
  29  2:36  Metabolic Boost, Drone x2  
  31  2:40  Overlord  
  31  2:44  Drone  
  31  2:47  Queen  
  34  2:51  Drone  
  34  2:56  Drone  
  36  3:00  Drone  
  37  3:06  Hatchery, Drone  
  37  3:10  Overlord  
  37  3:11  Drone  
  38  3:13  Drone  
  39  3:22  Overlord  
  39  3:24  Drone x4  
  43  3:34  Overlord  
  43  3:44  Drone x3  
  43  3:46  Extractor x2  
  44  3:49  Roach Warren  
  44  3:51  Drone  
  44  3:52  Evolution Chamber  
  44  3:55  Overlord  
  43  3:59  Spore Crawler  
  43  4:01  Spore Crawler  
  43  4:02  Drone x4  
  45  4:09  Lair  
  45  4:14  Drone x2  
  47  4:17  Overlord  
  47  4:20  Queen  
  49  4:30  Burrow  
  49  4:32  Zergling x6  
  49  4:34  Zergling x2  
  53  4:45  Drone  
  54  4:48  Spore Crawler, Drone x7  
  60  4:53  Drone, Extractor  
  60  4:54  Drone  
  60  4:55  Drone  
  60  4:56  Drone  
  60  4:58  Drone  
  64  5:06  Overlord  
  64  5:17  Glial Reconstitution  
  64  5:18  Zerg Melee Weapons Level 1  
  64  5:25  Drone  
  64  5:26  Drone x9  
  64  5:27  Hydralisk Den  
  72  5:28  Zergling x2  
  72  5:29  Zergling x2  
  72  5:32  Overlord  
  73  5:37  Drone  
  73  5:38  Drone x4  
  78  5:46  Zergling x2  
  78  5:47  Zergling x6  
  80  5:57  Muscular Augments  
  80  6:00  Drone  
  80  6:02  Extractor  
  80  6:04  Hydralisk, Extractor  
  80  6:05  Hydralisk x2  
  80  6:06  Hydralisk  
  87  6:15  Hydralisk  
  87  6:16  Hydralisk x2, Infestation Pit  
  87  6:17  Hatchery  
  91  6:22  Drone x2  
  93  6:26  Hydralisk  
  93  6:29  Overlord x3  
  93  6:30  Overlord  
  94  6:43  Overseer  
  94  6:46  Pneumatized Carapace  
  93  6:49  Hydralisk  
  93  6:50  Hydralisk x6  
  93  6:54  Hydralisk x2  
  106  6:57  Hydralisk  
  112  7:10  Overlord, Hydralisk  
  112  7:11  Hydralisk x3  
  112  7:14  Overlord x2  
  119  7:40  Drone x2  
  119  7:41  Drone x3  
Tags
 
Add a new tag
Caveats
  • Supply blocks, unpowered buildings, or Contaminate may cause inaccurate times.
  • Supply counts are checked every 10 seconds.